 Dungeon Crawl Stone Soup version 0.30-a0-241-g1121274140 (webtiles) character file.

Game seed: 12707787657873336169

72 KennySheep the Ruffian (level 3, 0/28 HPs)
             Began as a Demigod Transmuter on Oct 10, 2022.
             Slain by a gnoll
             ... wielding a +0 club
              (3 damage)
             ... on level 2 of the Dungeon.
             The game lasted 00:04:09 (899 turns).

KennySheep the Ruffian (Demigod Transmuter)          Turns: 899, Time: 00:04:10

Health: 0/28       AC:  2    Str: 15    XL:     3   Next: 82%
Magic:  5/8        EV: 12    Int: 15    God:
Gold:   38         SH:  0    Dex: 14    Spells: 0/5 levels left

rFire   . . .      SeeInvis .      - Unarmed
rCold   . . .      Faith    .    (no shield)
rNeg    . . .      Spirit   .    a - +0 robe
rPois   +          Reflect  .    (helmet currently unavailable)
rElec   .          Harm     .    (no cloak)
rCorr   .          Rampage  .    (no gloves)
Will    .....                    (boots currently unavailable)
Stlth   +.........               (no amulet)
HPRegen 0.24/turn                d - ring of poison resistance
MPRegen 0.11/turn                (no ring)

@: appendages (expiring), wereblooded
A: horns 2, talons 2, high MP 1, forlorn, divine attributes
a: End Transformation


You were on level 2 of the Dungeon.
You had temporarily grown beastly horns and talons.
You visited 1 branch of the dungeon, and saw 2 of its levels.

You collected 38 gold pieces.

Inventory:

Hand Weapons
 f - a +2 dagger of pain
Armour
 a - a +0 robe (worn)
 b - a +0 pair of boots (melded)
Jewellery
 d - a ring of poison resistance (left hand)
Scrolls
 e - 2 scrolls of magic mapping {unknown}
 g - a scroll of identify {unknown}
 i - a scroll of teleportation {unknown}
Potions
 c - a potion of attraction {unknown}
 h - a potion of curing {unknown}


   Skills:
 + Level 1.5 Fighting
 + Level 2.2 Dodging
 + Level 3.1 Unarmed Combat
 + Level 1.9 Spellcasting
 * Level 2.7 Transmutations
 * Level 0.7 Earth Magic


You couldn't memorise any spells.
You knew the following spells:

 Your Spells              Type           Power      Damage    Failure   Level
a - Beastly Appendage     Tmut           18%        N/A       8%          1
b - Passwall              Tmut/Erth      5%         N/A       17%         2
c - Wereblood             Tmut           9%         N/A       11%         2

Your spell library contained the following spells:

 Spells                   Type           Power      Damage    Failure   Level
 Sandblast                Erth           6%         2d5       16%         1
 Spider Form              Tmut/Pois      5%         N/A       36%         3
 Stone Arrow              Conj/Erth      4%         3d7       50%         3
 Ice Form                 Ice/Tmut       5%         N/A       77%         4


Dungeon Overview and Level Annotations

Branches:
Dungeon (2/15)


Innate Abilities, Weirdness & Mutations

You have temporarily grown beastly horns and talons.
You have an increased reservoir of magic. (+10% MP)
You shall have no god before yourself.
Your divine heritage dramatically boosts your attributes as you level up.


Message History

You continue putting on your +0 pair of boots. x4
You finish putting on your +0 pair of boots.
You now have 38 gold pieces (gained 10).
Found a stone staircase leading down.
A gnoll comes into view. It is wielding a +0 whip.
A gnoll is nearby!
A gnoll is nearby!
The gnoll shouts!
A gnoll comes into view. It is wielding a +0 club.
A goblin comes into view. It is wielding a +0 dagger.
A gnoll comes into view. It is wielding a +0 spear.
Unknown command.
The gnoll shouts! x2
Things that are here:
a +0 dagger; a rat corpse
Items here: )) [ ††.
Casting: Beastly Appendage (safe; 8% risk of failure)
Confirm with . or Enter, or press ? or * to list all spells.
Your blood is infused with primal strength.
Casting: Wereblood (safe; 11% risk of failure)
Confirm with . or Enter, or press ? or * to list all spells.
You grow a pair of large bovine horns.
Your feet morph into talons.
Your +0 pair of boots melds into your body.
The gnoll hits you with a +0 whip.
Items here: )) [ ††.
You hit the gnoll but do no damage. The gnoll hits you with a +0 whip.
You hit the gnoll. You claw the gnoll. You headbutt the gnoll.
You feel a bit better.
You kill the gnoll!
Your transformation is almost over.
The gnoll hits you with a +0 club! The gnoll closely misses you.
You see here a +0 whip.
You hit the gnoll. You claw the gnoll.
The gnoll is severely wounded.
The gnoll hits you with a +0 club!
* * * LOW HITPOINT WARNING * * *
The gnoll hits you from afar with a +0 spear.
* * * LOW HITPOINT WARNING * * *
The gnoll attacks as you move away! The gnoll hits you with a +0 club.
You die...

#...##.<#..............#
#... ######..##.########
.... ...........## #####
............#
#######.##..# #.##..#
#.##..# #)##..# #
#@##..# ####.##g##..##
.......g.....# ###
####.##.##...# .###.. ..
#.......# ......# ##
#..##..##
......#######..##..#
..................# ##.#
#............#.##


You could see 2 gnolls.

Vanquished Creatures
  Terence (D:2)
  A gnoll (D:2)
  3 endoplasms (D:1)
  3 giant cockroaches
  3 goblins
  A hobgoblin (D:1)
  4 jackals (D:2)
  4 ball pythons
  A bat (D:1)
  12 frilled lizards (D:1)
  8 rats
41 creatures vanquished.

Vanquished Creatures (others)
  6 plants (D:1)
6 creatures vanquished.

Grand Total: 47 creatures vanquished

Notes
Turn   | Place    | Note
-------+----------+-------------------------------------------
     0 | D:1      | KennySheep the Demigod Transmuter began the quest for the
                  | Orb.
     0 | D:1      | Reached XP level 1. HP: 15/15 MP: 5/5
    53 | D:1      | Reached skill level 1 in Fighting
   191 | D:1      | Reached XP level 2. HP: 23/23 MP: 7/7
   623 | D:2      | Reached skill level 3 in Unarmed Combat
   628 | D:2      | Learned a level 2 spell: Passwall
   676 | D:2      | Noticed Terence
   687 | D:2      | Reached XP level 3. HP: 24/28 MP: 6/8
   700 | D:2      | Killed Terence
   769 | D:2      | Learned a level 2 spell: Wereblood
   899 | D:2      | Slain by a gnoll

Illustrated notes

Levels and vault maps discovered:
D:1:      amcnicky_arrival_double_pillar, layout_rooms, minmay_lizard_king
D:2:      layout_basic, grunt_ministairs_6, minmay_stone_trees_small,
          uniq_natasha, uniq_terence, uniq_jessica

Skill      XL: |  1  2 |
---------------+-------+-----
Fighting       | 1 |  1.5
Transmutations | 2 |  2.7
Dodging        | 2 |  2.2
Unarmed Combat | 3 |  3.1
Spellcasting   | |  1.9
Earth Magic    | |  0.7

Action                   || total
-------------------------++-------
Melee: Unarmed           ||   122
       Kick              ||    16
       Headbutt          ||     9
       Punch             ||     4
 Cast: Beastly Appendage ||     9
       Wereblood         ||     1
  Use: Potion            ||     1
Armor: Robe              ||    19
       Skin              ||     4
Dodge: Dodged            ||    90

Table legend: (Time is in decaauts)
 A = Elapsed time spent in this place.
 B = Non-inter-level travel time spent in this place.
 C = Inter-level travel time spent in this place.
 D = Time resting spent in this place.
 E = Time spent auto-exploring this place.
 F = Levels seen in this place.
 G = Mean time per level.
                   A        B        C        D        E       F      G
               +--------+--------+--------+--------+--------+-----+--------+
         Total |    892 |    866 |     26 |    127 |    455 |   2 |  446.0 |
       Dungeon |    892 |    866 |     26 |    127 |    455 |   2 |  446.0 |
               +--------+--------+--------+--------+--------+-----+--------+

Top non-repeatable levels by time:
     D:1: 603 daAuts
     D:2: 288 daAuts
